 Dungeon Crawl Stone Soup version 0.31-a0-267-g3fc6992b3b (webtiles) character file.

Game seed: 18116745945588593054

633 qw the Shooter (level 7, -5/60 HPs)
             Began as a Minotaur Hexslinger on July 13, 2023.
             Was an Initiate of Okawaru.
             Slain by a sleepcap (11 damage)
             ... on level 5 of the Dungeon.
             The game lasted 00:01:41 (3619 turns).

qw the Shooter (Minotaur Hexslinger)                Turns: 3619, Time: 00:01:41

Health: -5/60      AC:  4    Str: 21    XL:     7   Next: 24%
Magic:  7/7        EV:  2    Int: 12    God:    Okawaru [......]
Gold:   251        SH:  0    Dex: 12    Spells: 7/8 levels left

rFire   . . .        Y - +1 sling
rCold   . . .        (no shield)
rNeg    . . .        j - +0 troll leather armour {Pargi}
rPois   +            (helmet restricted)
rElec   .            (no cloak)
rCorr   .            (no gloves)
SInv    .            (no boots)
Will    .....        e - amulet of faith
Stlth   ++           l - +5 ring of evasion
HPRegen 1.10/turn    d - ring of Qadour {rPois Str+9 Int+2 Dex-3 Stlth+}
MPRegen 0.10/turn

%: faith
@: sleeping
A: horns 2, retaliatory headbutt, deterioration 1
a: Renounce Religion


You were on level 5 of the Dungeon.
You worshipped Okawaru.
Okawaru was noncommittal.
You visited 2 branches of the dungeon, and saw 6 of its levels.
You also visited: Sewer.

You collected 251 gold pieces.


Innate Abilities, Weirdness & Mutations

You have a pair of horns on your head.
You reflexively headbutt those who attack you in melee.
Your body sometimes deteriorates upon taking damage.


   Skills:
 - Level 4.6 Fighting
 + Level 7.7 Ranged Weapons
 - Level 1.0 Armour
 - Level 2.1 Dodging
 - Level 1.0 Spellcasting
 - Level 2.0 Hexes


You had 7 spell levels left.
You knew the following spells:

 Your Spells              Type           Power      Damage    Failure   Level
a - Slow                  Hex            20%        N/A       16%         1

Your spell library contained the following spells:

 Spells                   Type           Power      Damage    Failure   Level
 Inner Flame              Hex/Fire       3%         N/A       56%         3
 Portal Projectile        Hex/Tloc       6%         N/A       56%         3
 Cause Fear               Hex            2%         N/A       83%         4

Inventory:

Hand Weapons
 Y - a +1 sling (weapon)
Armour
 j - a +0 troll leather armour (worn) {Pargi}
Jewellery
 d - the ring of Qadour (right hand) {rPois Str+9 Int+2 Dex-3 Stlth+}
   (You acquired it on level 1 of the Dungeon)

   [ring of poison resistance]

   Str:       It affects your strength (+9).
   Int:       It affects your intelligence (+2).
   Dex:       It affects your dexterity (-3).
   rPois:     It protects you from poison.
   Stlth:     It makes you more stealthy.
 e - an amulet of faith (around neck)
 k - a ring of positive energy
 l - a +5 ring of evasion (left hand)
Scrolls
 a - a scroll of identify
 f - a scroll of noise {unknown}
 h - a scroll of enchant armour
Potions
 b - a potion of cancellation
 c - a potion of enlightenment {unknown}
 m - a potion of curing {unknown}
 n - a potion of mutation
 o - a potion of haste {unknown}

Dungeon Overview and Level Annotations

Branches:
Dungeon (5/15)             Temple (1/1) D:4           Sewer (visited)

Altars:
Ashenzari
Cheibriados
Dithmenos
Elyvilon
Fedhas
Gozag
Hepliaklqana
Kikubaaqudgha
Makhleb
Okawaru
Qazlal
Ru
Sif Muna
Uskayaw
Vehumet
Wu Jian
Xom
Yredelemnul
Zin
The Shining One

Annotations:
D:3 3 runed translucent doors, qw's ghost, amateur MiHs


Message History

You headbutt the ogre, but do no damage.
You shoot a sling bullet.
The sling bullet barely misses the ogre.
The ogre hits you with a +0 giant spiked club!!
The sleepcap releases spores at you but does no damage.
You shoot a sling bullet. The sling bullet hits the ogre.
The ogre is severely wounded.
The sleepcap closely misses you.
You shoot a sling bullet.
The sling bullet hits the ogre but does no damage.
The ogre is severely wounded.
The ogre closely misses you. You furiously retaliate!
You headbutt the ogre, but do no damage.
The sleepcap completely misses you.
You shoot a sling bullet.
The sling bullet barely misses the ogre.
The ogre hits you with a +0 giant spiked club!!
The sleepcap barely misses you.
You shoot a sling bullet. The sling bullet hits the ogre.
The ogre is severely wounded.
The sleepcap releases spores at you!
You shoot a sling bullet. The sling bullet hits the ogre.
The ogre is almost dead.
The ogre closely misses you.
The sleepcap releases spores at you but does no damage.
You shoot a sling bullet. The sling bullet hits the ogre.
You kill the ogre!
Okawaru accepts your kill. The sleepcap releases spores at you!
You shoot a sling bullet. The sling bullet hits the sleepcap.
The sleepcap is moderately damaged.
The sleepcap closely misses you. You furiously retaliate!
You headbutt the sleepcap! You shoot a sling bullet.
The sling bullet hits the sleepcap.
The sleepcap is almost destroyed.
The sleepcap releases spores at you.
You are engulfed in a cloud of soporific spores!
You fall asleep.
The sleepcap releases spores at you!
You die...

77.......77
7...._....7
......... .......
..#.# ..... ....#
7...7 #...# 77f).77
###...###
7..@..77777#........
###.....##.#.#....##
##....##.#.#..#.##
#....##.#.#..#.##
#....##.#.#..#.##
#....##.#.#..#.##
#####........#.##
#.#.#.#..#.##
#.....#......


You could see a sleepcap.

Vanquished Creatures
  Menkaure (D:4)
  Pargi (Sewer)
  An ice beast (D:5)
  An ogre (D:5)
  2 hounds (D:4)
  3 gnolls (D:4)
  5 adders
  3 worms
  3 dart slugs
  6 orcs
  11 ball pythons
  4 bats
  7 endoplasms
  6 giant cockroaches
  6 goblins
  5 hobgoblins
  3 jackals (D:1)
  5 quokkas
  5 frilled lizards
  11 kobolds
  11 rats
100 creatures vanquished.

Notes
Turn   | Place    | Note
-------+----------+-------------------------------------------
     0 | D:1      | qw the Minotaur Hexslinger began the quest for the Orb.
     0 | D:1      | Reached XP level 1. HP: 16/16 MP: 1/1
     0 | D:1      | 0 ||| qw: Version: 0.3-a-52-g30416fa
     0 | D:1      | 0 ||| qw: Game counter: 7775
     0 | D:1      | 0 ||| qw: Melee chars always use a shield: true
     0 | D:1      | 0 ||| qw: God list: Okawaru
     0 | D:1      | 0 ||| qw: Allow faded altars: false
     0 | D:1      | 0 ||| qw: Do Orc after clearing Dungeon:15 true
     0 | D:1      | 0 ||| qw: Do second Lair branch before Depths: true
     0 | D:1      | 0 ||| qw: Lair rune preference: random
     0 | D:1      | 0 ||| qw: Goals: Normal
     0 | D:1      | 0 ||| PLANNING D:1-11
    75 | D:1      | 75 ||| FLEEEEING.
    76 | D:1      | 76 ||| FLEEEEING.
    77 | D:1      | 77 ||| FLEEEEING.
    78 | D:1      | 78 ||| FLEEEEING.
   133 | D:1      | Reached skill level 3 in Ranged Weapons
   145 | D:1      | Reached XP level 2. HP: 21/23 MP: 2/2
   669 | D:1      | Reached XP level 3. HP: 29/29 MP: 3/3
  1116 | D:1      | 1116 ||| UPGRADING to +0 leather armour.
  1126 | D:1      | 1126 ||| DROPPING +0 robe.
  1127 | D:1      | 1127 ||| UPGRADING to amulet of faith.
  1132 | D:1      | 1132 ||| READING 2 scrolls labelled NOFILAZO JATTI.
  1133 | D:1      | 1133 ||| READING scroll labelled AROIZX CEIV.
  1134 | D:1      | 1134 ||| READING scroll labelled EZECRY UDIZUES.
  1134 | D:1      | Identified a scroll of acquirement
  1134 | D:1      | 1134 ||| ACQUIRING ring of Qadour {rPois Str+9 Int+2 Dex-3
                  | Stlth+}
  1134 | D:1      | Acquired the ring of Qadour {rPois Str+9 Int+2 Dex-3
                  | Stlth+}
  1136 | D:1      | 1136 ||| UPGRADING to ring of Qadour {rPois Str+9 Int+2
                  | Dex-3 Stlth+}.
  1137 | D:1      | 1137 ||| READING scroll labelled NUMO DENANAS.
  1138 | D:1      | 1138 ||| DROPPING scroll of poison.
  1217 | D:2      | Reached skill level 4 in Ranged Weapons
  1530 | D:2      | Reached XP level 4. HP: 29/36 MP: 4/4
  1697 | D:2      | 1697 ||| UPGRADING to ring of positive energy.
  1698 | D:2      | 1698 ||| READING 2 scrolls of identify.
  1698 | D:2      | 1698 ||| IDENTIFYING fizzy blue potion
  1714 | D:3      | 1714 ||| PLANNING SEWER
  1729 | D:3      | Found a runed translucent gate.
  1730 | D:3      | Found a runed translucent gate.
  1730 | D:3      | Found a runed translucent gate.
  1745 | D:3      | Noticed qw's ghost (amateur MiHs)
  1747 | D:3      | Identified the +3 dagger of Calculation {antimagic, Int+2}
  1747 | D:3      | Identified the +0 ring mail of Amorality {-Cast rC++ Will+
                  | Str+2}
  1775 | D:3      | Found a glowing golden altar of the Shining One.
  1889 | D:3      | Found a shadowy altar of Dithmenos.
  1985 | D:3      | Reached skill level 5 in Ranged Weapons
  2035 | D:3      | Found a glowing drain.
  2036 | D:3      | 2036 ||| UPGRADING to +0 ring mail.
  2046 | D:3      | 2046 ||| DROPPING +0 leather armour.
  2047 | D:3      | 2047 ||| UPGRADING to +5 ring of evasion.
  2049 | D:3      | 2049 ||| UPGRADING to ring of Qadour {rPois Str+9 Int+2
                  | Dex-3 Stlth+}.
  2051 | D:3      | 2051 ||| DRINKING 2 fuming red potions.
  2083 | D:3      | 2083 ||| DROPPING potion of lignification.
  2110 | Sewer    | Entered a sewer
  2116 | Sewer    | Noticed Pargi
  2138 | Sewer    | Killed Pargi
  2139 | Sewer    | Reached XP level 5. HP: 22/47 MP: 5/5
  2341 | Sewer    | Reached skill level 1 in Armour
  2346 | Sewer    | 2346 ||| UPGRADING to +0 troll leather armour {Pargi}.
  2356 | Sewer    | 2356 ||| DROPPING +0 ring mail.
  2357 | Sewer    | 2357 ||| READING scroll labelled GYANEAHIFY.
  2360 | Sewer    | 2360 ||| READING scroll labelled ROTAONGEBIST.
  2361 | Sewer    | 2361 ||| DRINKING 2 black potions.
  2362 | Sewer    | 2362 ||| DROPPING potion of invisibility.
  2379 | D:3      | 2379 ||| PLANNING D:1-11
  2712 | D:4      | Reached XP level 6. HP: 53/53 MP: 6/6
  2830 | D:4      | Noticed Menkaure
  2833 | D:4      | 2833 ||| FLEEEEING.
  2834 | D:4      | 2834 ||| FLEEEEING.
  2835 | D:4      | 2835 ||| FLEEEEING.
  2836 | D:4      | 2836 ||| FLEEEEING.
  2837 | D:4      | 2837 ||| FLEEEEING.
  2838 | D:4      | 2838 ||| FLEEEEING.
  2839 | D:4      | 2839 ||| FLEEEEING.
  2866 | D:4      | Killed Menkaure
  2867 | D:4      | Reached skill level 6 in Ranged Weapons
  2981 | D:4      | Found a basalt altar of Yredelemnul.
  3014 | D:4      | Found a staircase to the Ecumenical Temple.
  3015 | D:4      | 3015 ||| PLANNING TEMPLE
  3015 | D:4      | 3015 ||| READING scroll labelled SOIROJ WAODDIL.
  3016 | D:4      | 3016 ||| DRINKING 2 inky potions.
  3026 | D:4      | 3026 ||| DRINKING 2 ruby potions.
  3027 | D:4      | 3027 ||| DRINKING 2 fuming black potions.
  3027 | D:4      | Gained mutation: Your body sometimes deteriorates upon
                  | taking damage. [potion of mutation]
  3028 | D:4      | 3028 ||| DROPPING potion of ambrosia.
  3029 | D:4      | 3029 ||| DROPPING potion of brilliance.
  3037 | Temple   | Entered the Ecumenical Temple
  3038 | Temple   | 3038 ||| PLANNING OKAWARU WORSHIP
  3211 | Temple   | Became a worshipper of Warmaster Okawaru
  3212 | Temple   | 3212 ||| PLANNING D:1-11
  3552 | D:5      | Entered Level 5 of the Dungeon
  3572 | D:5      | Noticed an ice beast
  3580 | D:5      | Killed an ice beast
  3581 | D:5      | Reached skill level 7 in Ranged Weapons
  3581 | D:5      | Reached XP level 7. HP: 60/60 MP: 7/7
  3603 | D:5      | Found a blossoming altar of Fedhas.
  3614 | D:5      | HP: 10/60 [sleepcap (8)]
  3619 | D:5      | Slain by a sleepcap

Levels and vault maps discovered:
D:1:      dpeg_arrival_brainrot, layout_loops_corners, serial_forest,
          infiniplex_forest_clump_diagonal, infiniplex_forest_end_3,
          infiniplex_forest_lined_3, infiniplex_forest_clump_double,
          infiniplex_forest_lined_corner, infiniplex_forest_lined_corner,
          chequers_serial_rivers_micro_b, chequers_serial_rivers_micro_d,
          minmay_vboxes
D:2:      layout_rooms, minmay_tall_x
D:3:      layout_basic, mainiacjoe_overflow_small_starburst, marbit_many_paths,
          portal_sewer_entry_a, biasface_ghost_orc_armoury
D:4:      layout_basic, mainiacjoe_overflow_boulevard,
          minmay_temple_entry_slanted, dreamdust_gnoll_farm, uniq_menkaure
D:5:      layout_basic, fedhas_altar_fruit_tree, gammafunk_ghost_arena
Temple:   eino_temple_rhombus

Skill      XL: |  1  2  3  4  5  6 |
---------------+-------------------+-----
Ranged Weapons | 3 4 5 7 |  7.7
Fighting       | 2 4 |  4.6
Armour         | 1 |  1.0
Dodging        | |  2.1
Spellcasting   | |  1.0
Hexes          | |  2.0

Action                     |  1- 3 |  4- 6 |  7- 9 || total
---------------------------+-------+-------+-------++-------
   Fire: Sling             |   135 |   195 |    14 ||   344
    Use: Scroll            |     4 |     4 |       ||     8
         Potion            |       |     5 |       ||     5
 Armour: Robe              |     3 |       |       ||     3
         Leather armour    |    17 |     3 |       ||    20
         Ring mail         |       |    20 |       ||    20
         Troll leather arm |       |     7 |     2 ||     9
  Dodge: Dodged            |    33 |   135 |     8 ||   176

Table legend:
 A = Non-vault XP
 B = Vault XP
 C = Vault XP percentage of total XP
 D = Non-vault monster count
 E = Vault monster count
 F = Vault count percentage of total count
                 A         B        C        D         E       F
            +---------+---------+-------+---------+---------+-------
      Total |     406 |     499 |  55.1 |      71 |      29 |  29.0
            +---------+---------+-------+---------+---------+-------
        D:1 |      41 |      13 |  24.1 |      24 |       6 |  20.0
        D:2 |      44 |       5 |  10.2 |      19 |       4 |  17.4
        D:3 |      41 |      29 |  41.4 |      16 |       7 |  30.4
        D:4 |      35 |     300 |  89.6 |      10 |       6 |  37.5
        D:5 |     245 |       0 |   0.0 |       2 |       0 |   0.0
      Sewer |       0 |     152 | 100.0 |       0 |       6 | 100.0
            +---------+---------+-------+---------+---------+-------
